[Event "Titled Tuesday Blitz November 15 Late 2022"]
[White "Alexikov, Alexander"]
[Black "Sivakumar, Shaashwath"]
[WhiteFideId "14103958"]
[BlackFideId "30912156"]
[WhiteElo "2222"]
[BlackElo "2137"]
[Result "1-0"]
[Round "10"]
[TimeControl "180+1"]
[Date "2022.11.16"]
[WhiteClock "0:00:20"]
[BlackClock "0:00:06"]

1. e4 c5 2. Nf3 d6 3. Bb5+ Bd7 4. Bxd7+ Qxd7 5. O-O Nc6 6. c4 Nf6 7. Nc3 g6 8. d4 cxd4 9. Nxd4 Bg7 10. Nde2 O-O 11. f3 a6 12. Be3 Rfc8 13. Rc1 Ne5 14. b3 b5 15. Nd5 Nxd5 16. cxd5 Qd8 17. Qd2 a5 18. Nd4 a4 19. h3 axb3 20. axb3 Rxc1 21. Rxc1 Qb8 22. f4 Nd7 23. Nc6 Qe8 24. Qd3 e6 25. Re1 Kh8 26. Bf2 Nc5 27. Qxb5 exd5 28. exd5 Qd7 29. Bxc5 dxc5 30. Qxc5 Qf5 31. Qc4 h5 32. d6 Bh6 33. Ne5 Kg7 34. Rf1 Rd8 35. Qd4 f6 36. Nc6 Rd7 37. Ne7 Qe6 38. Nc8 Qe8 39. Nb6 Rd8 40. Nc4 Qe6 41. f5 gxf5 42. Qd3 Kh7 43. Qxf5+ Qxf5 44. Rxf5 Kg6 45. Rd5 Bf8 46. b4 Kf7 47. Rxh5 Ke6 48. Rc5 Rb8 49. b5 Kd7 50. Rc7+ Ke6 51. b6 Bxd6 52. Rc6 Kd5 53. Rxd6+ Kxc4 54. Rxf6 Rb7 55. g4 Kd5 56. g5 Ke5 57. h4 Rb8 58. h5 Rg8 59. Rg6 Rb8 60. h6 Kf5 61. Rg7 Rxb6 62. h7 Rb1+ 63. Kf2 Rb2+ 64. Ke1 Rh2 65. g6 Kf4 66. Rg8 Rh1+ 67. Kd2 Rh2+ 68. Kc3 Rh3+ 69. Kd4 Re3 70. h8=Q Re4+ 71. Kd5 Re5+ 72. Qxe5+ Kg4 73. Qe4+ 1-0


[Site "https://www.chess.com"]

[Event "Titled Tuesday Blitz November 15 Late 2022"]
[White "Andreikin, Dmitry"]
[Black "Jones, Gawain C B"]
[WhiteFideId "4158814"]
[BlackFideId "409561"]
[WhiteElo "2736"]
[BlackElo "2657"]
[Result "1-0"]
[Round "10"]
[TimeControl "180+1"]
[Date "2022.11.15"]
[WhiteClock "0:00:05"]
[BlackClock "0:00:01"]

1. Nf3 Nf6 2. c4 g6 3. b4 Bg7 4. Bb2 O-O 5. e3 d6 6. Be2 e5 7. d3 e4 8. dxe4 Nxe4 9. Bxg7 Kxg7 10. O-O Qf6 11. Qd4 Nc6 12. Qxf6+ Kxf6 13. a3 a5 14. Bd3 Re8 15. Bxe4 Rxe4 16. Nc3 Rxc4 17. Nd5+ Kf5 18. Nxc7 Rb8 19. Nb5 Ke6 20. Ng5+ Ke7 21. Nxf7 axb4 22. Nfxd6 Rc5 23. axb4 Nxb4 24. Nxc8+ Rbxc8 25. Nd4 Nc2 26. Rab1 R8c7 27. Nxc2 Rxc2 28. g4 R2c4 29. h3 h5 30. gxh5 gxh5 31. Rb5 R4c5 32. Rfb1 Rxb5 33. Rxb5 h4 34. Rb6 Kd8 35. f4 Rc3 36. Kf2 Kc7 37. Rh6 b5 38. Rxh4 Kd6 39. Kf3 b4 40. f5 Kc5 41. f6 Kb5 42. Rh8 Rc6 43. Rf8 b3 44. Ke4 Kc4 45. f7 Re6+ 46. Kf5 Rc6 47. Re8 b2 48. Rb8 Rc5+ 49. Kg6 Rc6+ 50. Kg7 Rc7 51. Rxb2 Kd5 52. Rf2 Ke6 53. Rf6+ Ke5 54. Rf4 Rc4 55. Rxc4 1-0


[Site "https://www.chess.com"]

[Event "Titled Tuesday Blitz November 15 Late 2022"]
[White "Ardila, Oscar Humberto"]
[Black "Buchenau, Frank"]
[WhiteFideId "4404742"]
[BlackFideId "4604350"]
[WhiteElo "1959"]
[BlackElo "2157"]
[Result "0-1"]
[Round "10"]
[TimeControl "180+1"]
[Date "2022.11.16"]
[WhiteClock "0:02:11"]
[BlackClock "0:01:42"]

1. d4 e6 2. c4 Nf6 3. Nc3 Bb4 4. Bd2 b6 5. Nf3 Bb7 6. e3 O-O 7. Be2 c5 8. O-O d6 9. a3 Bxc3 10. Bxc3 Ne4 11. Be1 Nd7 12. Nd2 f5 13. f3 Nxd2 14. Qxd2 Qe7 15. Bg3 e5 16. dxc5 Nxc5 17. Rad1 Rad8 18. b4 Ne6 19. Qc3 f4 20. Bf2 fxe3 21. Qxe3 Nf4 22. Rfe1 Qg5 23. Bg3 Nh3+ 24. gxh3 Qxe3+ 25. Bf2 Qg5+ 26. Bg3 Bxf3 0-1


[Site "https://www.chess.com"]

[Event "Titled Tuesday Blitz November 15 Late 2022"]
[White "Avila Rodriguez, Joshua Ad"]
[Black "Molenda, Marcin"]
[WhiteFideId "5126444"]
[BlackFideId "1173065"]
[WhiteElo "2125"]
[BlackElo "2281"]
[Result "0-1"]
[Round "10"]
[TimeControl "180+1"]
[Date "2022.11.16"]
[WhiteClock "0:00:07"]
[BlackClock "0:00:10"]

1. e4 c5 2. Nf3 e6 3. d4 cxd4 4. Nxd4 a6 5. Bd3 b5 6. Be3 Bb7 7. O-O Qc7 8. a4 b4 9. Nd2 Nf6 10. N4b3 d5 11. exd5 Nxd5 12. Bd4 Nc6 13. Bc5 Bxc5 14. Nxc5 O-O 15. Nxb7 Qxb7 16. Qh5 g6 17. Qh4 Ne5 18. Ne4 Nxd3 19. cxd3 Qe7 20. Qxe7 Nxe7 21. Rac1 Nd5 22. Rc4 Kg7 23. Rfc1 Rfd8 24. g3 a5 25. Kf1 Nb6 26. Rc7 Rxd3 27. Ng5 Rd7 28. Rxd7 Nxd7 29. Rc7 Rd8 30. Ra7 h6 31. Ne4 Ne5 32. Rxa5 Nc4 33. Rb5 Rd4 34. Nc5 Nxb2 35. a5 Nd3 36. Nxd3 Rxd3 37. Rxb4 Ra3 38. Rb5 f5 39. h4 g5 40. hxg5 hxg5 41. Ke2 Kf6 42. Kd2 f4 43. gxf4 gxf4 44. Ke2 f3+ 45. Kd2 e5 46. Rb8 Kf5 47. Rf8+ Ke4 48. Ra8 Ra2+ 49. Ke1 Re2+ 50. Kf1 Kd5 51. Kg1 Ra2 52. Rf8 e4 53. Ra8 Kd4 54. Rd8+ Kc3 55. Rd5 Kc4 56. Re5 Kd4 57. Rb5 Kd3 58. Rd5+ Ke2 59. Rd4 Ra1+ 60. Kh2 Kxf2 61. Rxe4 Rxa5 62. Rh4 Ra2 63. Rh8 Ra7 64. Rh6 Re7 65. Rh5 Ke2 66. Rh4 f2 67. Rf4 f1=Q 68. Rxf1 Kxf1 69. Kg3 Ke2 70. Kf4 Kd3 71. Kf5 Re4 72. Kf6 Kd4 73. Kf5 Kd5 74. Kg5 Ke5 75. Kg6 Rf4 76. Kh5 Kf6 77. Kh6 Rh4# 0-1


[Site "https://www.chess.com"]

[Event "Titled Tuesday Blitz November 15 Late 2022"]
[White "Baskakov, Egor"]
[Black "Saveliev, Alexei"]
[WhiteFideId "24197866"]
[BlackFideId "24128546"]
[WhiteElo "2211"]
[BlackElo "2290"]
[Result "1-0"]
[Round "10"]
[TimeControl "180+1"]
[Date "2022.11.16"]
[WhiteClock "0:01:14"]
[BlackClock "0:00:02"]

1. e4 g6 2. g3 Bg7 3. Bg2 c5 4. Ne2 Nc6 5. O-O d6 6. h3 Nf6 7. d4 cxd4 8. Nxd4 O-O 9. Ne2 Qc7 10. Nbc3 a6 11. Nd5 Nxd5 12. exd5 Ne5 13. a4 Bf5 14. Nd4 Bd7 15. b3 Qc3 16. Be3 Bf5 17. a5 Rac8 18. Ra2 Bd7 19. Ne2 Qb4 20. c4 Bf5 21. Ra4 Qxa4 22. bxa4 Nxc4 23. Bd4 Nxa5 24. Bxg7 Kxg7 25. Nd4 Bd7 26. Re1 Rfe8 27. h4 h5 28. Kh2 Nc4 29. f4 Kg8 30. Bh3 Bxh3 31. Kxh3 Nb6 32. f5 Nxd5 33. fxg6 fxg6 34. Qb3 Rc5 35. Ne6 Ra5 36. Nc7 Rf8 37. Nxd5 Kh7 38. Rxe7+ Kh6 39. Qe3+ 1-0


[Site "https://www.chess.com"]

[Event "Titled Tuesday Blitz November 15 Late 2022"]
[White "Besedes, Danilo"]
[Black "Tan, Zhongyi"]
[WhiteFideId "946796"]
[BlackFideId "8603642"]
[WhiteElo "2352"]
[BlackElo "2510"]
[Result "0-1"]
[Round "10"]
[TimeControl "180+1"]
[Date "2022.11.15"]
[WhiteClock "0:00:04"]
[BlackClock "0:00:05"]

1. d4 d5 2. Nf3 Nf6 3. Bf4 Bf5 4. e3 e6 5. c3 c5 6. Nbd2 Nc6 7. h3 h6 8. Bb5 Qb6 9. Qa4 Be7 10. dxc5 Bxc5 11. Nb3 O-O 12. O-O Be7 13. Nfd4 Nxd4 14. cxd4 Rfc8 15. Rac1 Bc2 16. f3 Nh5 17. Bh2 Bg5 18. f4 Be7 19. Qa5 Nf6 20. Qxb6 axb6 21. Ra1 Ne4 22. Rfc1 Bb4 23. Kf1 Nd2+ 24. Ke2 Nxb3 25. axb3 Rxa1 26. Rxa1 Bxb3 27. Bd3 Bc4 28. Ra7 Bxd3+ 29. Kxd3 Rc1 30. Rxb7 Ba5 31. b4 Bxb4 32. Rxb6 Be7 33. Rb2 g5 34. Rc2 Ra1 35. fxg5 Bxg5 36. Bg3 Kg7 37. Bf2 Ra3+ 38. Ke2 Kg6 39. Rd2 h5 40. Rd3 Ra2+ 41. Kf3 Ra1 42. g4 h4 43. Rb3 Ra2 44. Rc3 f6 45. Rb3 e5 46. dxe5 fxe5 47. Rb6+ Kf7 48. Rb7+ Ke6 49. Rb6+ Kd7 50. Bxh4 Bxh4 51. e4 d4 0-1


[Site "https://www.chess.com"]

[Event "Titled Tuesday Blitz November 15 Late 2022"]
[White "Bluebaum, Matthias"]
[Black "Madaminov, Mukhiddin"]
[WhiteFideId "24651516"]
[BlackFideId "14210703"]
[WhiteElo "2633"]
[BlackElo "2341"]
[Result "1-0"]
[Round "10"]
[TimeControl "180+1"]
[Date "2022.11.15"]
[WhiteClock "0:00:53"]
[BlackClock "0:00:01"]

1. d4 Nf6 2. c4 g6 3. Nc3 d5 4. cxd5 Nxd5 5. e4 Nxc3 6. bxc3 Bg7 7. Nf3 c5 8. Bb5+ Nc6 9. O-O O-O 10. Bxc6 bxc6 11. Qc2 Bg4 12. Ne5 Bd7 13. Ba3 Bxe5 14. dxe5 Qa5 15. Bc1 f5 16. exf6 exf6 17. c4 Be6 18. Be3 Rfd8 19. h3 Rab8 20. Rad1 Kf7 21. f4 f5 22. exf5 gxf5 23. Qe2 Rb4 24. Bd2 Rxd2 25. Rxd2 Rxc4 26. Qh5+ Kg7 27. Rd3 Rd4 28. Rg3+ Kf8 29. Qxh7 Bf7 30. Qg7+ Ke8 31. Rb1 Qd8 32. Re3+ 1-0


[Site "https://www.chess.com"]

[Event "Titled Tuesday Blitz November 15 Late 2022"]
[White "Bogaudinov, Rushan"]
[Black "Do Nascimento,Christian Almeida"]
[WhiteFideId "4129288"]
[BlackFideId "2143801"]
[WhiteElo "1997"]
[BlackElo "2079"]
[Result "0-1"]
[Round "10"]
[TimeControl "180+1"]
[Date "2022.11.16"]
[WhiteClock "0:00:16"]
[BlackClock "0:00:26"]

1. b3 Nf6 2. Bb2 g6 3. g3 Bg7 4. Bg2 O-O 5. Nf3 d5 6. d4 c5 7. O-O Nc6 8. dxc5 Qa5 9. Nbd2 Qxc5 10. c4 dxc4 11. Nxc4 Be6 12. Rc1 Rfd8 13. Qe1 Qh5 14. Nce5 Bd5 15. Nxc6 Bxc6 16. Ne5 Bxg2 17. Kxg2 Ng4 18. Nxg4 Bxb2 19. Rc2 Qxg4 20. Rxb2 Rac8 21. Rd2 Qe4+ 22. f3 Qe3 23. Rxd8+ Rxd8 24. Qf2 Qxf2+ 25. Rxf2 e5 26. e4 f5 27. exf5 gxf5 28. Re2 Re8 29. Rc2 Re7 30. Kf2 Kf7 31. Ke3 Ke6 32. Rc5 Rd7 33. h4 h5 34. Rc8 Rh7 35. a4 Kd5 36. Rf8 Ke6 37. a5 Rg7 38. Kf2 Rh7 39. Ra8 a6 40. Rd8 Rc7 41. Rh8 Rc2+ 42. Kg1 Rc3 43. Kg2 Rc2+ 44. Kh3 Rc3 45. Rxh5 Rxf3 46. Rh6+ Kd5 47. Rb6 f4 48. h5 Rxg3+ 49. Kh2 Rg5 50. h6 f3 51. Kh3 e4 52. Kh4 Rg1 53. Rf6 Ke5 54. Rf8 Kd4 55. Kh5 Ke3 56. h7 f2 57. Kh6 f1=Q 58. Rxf1 Rxf1 59. h8=Q Rh1+ 60. Kg7 Rxh8 61. Kxh8 Kd4 62. Kg7 e3 63. Kf6 e2 0-1


[Site "https://www.chess.com"]

[Event "Titled Tuesday Blitz November 15 Late 2022"]
[White "Brown, Andrew"]
[Black "Gonzalez, Francisco Silva"]
[WhiteFideId "3206513"]
[BlackFideId "1512285"]
[WhiteElo "2245"]
[BlackElo "2159"]
[Result "1-0"]
[Round "10"]
[TimeControl "180+1"]
[Date "2022.11.16"]
[WhiteClock "0:00:14"]
[BlackClock "0:00:09"]

1. d4 Nf6 2. c4 e6 3. g3 d5 4. Bg2 dxc4 5. Nf3 Nc6 6. O-O Rb8 7. a4 b6 8. Na3 Bxa3 9. Rxa3 O-O 10. Bf4 Ba6 11. b3 cxb3 12. Rxb3 Nd5 13. Bd2 Nf6 14. Bc3 Ne4 15. Ba1 Na5 16. Re3 Nf6 17. Ne5 Nd5 18. Ra3 Qe7 19. Qc1 f6 20. Nd3 Nc4 21. Ra2 Nb4 22. Nxb4 Qxb4 23. Bc3 Qb3 24. Ra1 Rbd8 25. Rd1 e5 26. dxe5 Nxe5 27. Bxe5 Rxd1+ 28. Qxd1 Qxd1+ 29. Rxd1 fxe5 30. Rd7 Rc8 31. Bd5+ Kh8 32. e4 h6 33. f4 exf4 34. e5 fxg3 35. e6 Re8 36. e7 Kh7 37. Bf7 Rxe7 38. Rxe7 c5 39. hxg3 Bd3 40. Rxa7 h5 41. Rb7 b5 42. axb5 c4 43. b6 Be4 44. Rc7 c3 45. Rxc3 Kh6 46. Rc7 g6 47. b7 Bxb7 48. Rxb7 h4 49. gxh4 Kh5 50. Rb4 Kh6 51. Rg4 Kg7 52. Bxg6 Kh6 53. h5 Kg7 54. Kf2 Kf6 55. Kf3 Ke5 56. h6 Kf6 57. Be4 Ke5 58. h7 Kd4 59. h8=Q+ Kc4 60. Bg6+ Kb3 61. Qd4 Ka3 62. Ke4 Kb3 63. Rg3+ Ka2 64. Qf2+ 1-0


[Site "https://www.chess.com"]

[Event "Titled Tuesday Blitz November 15 Late 2022"]
[White "Burke, Paul"]
[Black "Andronescu, Madalin"]
[WhiteFideId "2605767"]
[BlackFideId "1217275"]
[WhiteElo "1812"]
[BlackElo "1946"]
[Result "1-0"]
[Round "10"]
[TimeControl "180+1"]
[Date "2022.11.16"]
[WhiteClock "0:00:11"]
[BlackClock "0:00:01"]

1. e4 c5 2. d4 cxd4 3. c3 dxc3 4. Nxc3 Nc6 5. Nf3 d6 6. Bc4 e6 7. O-O Nf6 8. Qe2 Be7 9. Rd1 Bd7 10. Bg5 O-O 11. Bxf6 Bxf6 12. Rxd6 Bxc3 13. bxc3 Qc7 14. Rad1 Rad8 15. e5 Na5 16. Bd3 Bc6 17. Ng5 g6 18. Qg4 h5 19. Qe2 Bd5 20. Ne4 Rxd6 21. exd6 Qd8 22. Qf3 Kg7 23. c4 Bc6 24. Qe2 f5 25. Ng3 Qf6 26. c5 e5 27. Bb1 e4 28. Nf1 Rd8 29. Ne3 b6 30. h3 bxc5 31. Qa6 Rxd6 32. Rxd6 Qxd6 33. Qxa5 f4 34. Qxa7+ Kh6 35. Nf1 e3 36. Qa6 exf2+ 37. Kxf2 Qd4+ 38. Ke1 Bxg2 39. Qd3 Qe5+ 40. Kd2 1-0


[Site "https://www.chess.com"]

[Event "Titled Tuesday Blitz November 15 Late 2022"]
[White "Cardoso Cardoso, Jose Gabriel"]
[Black "Mikaelyan, Arman"]
[WhiteFideId "4430492"]
[BlackFideId "13304852"]
[WhiteElo "2484"]
[BlackElo "2456"]
[Result "0-1"]
[Round "10"]
[TimeControl "180+1"]
[Date "2022.11.15"]
[WhiteClock "0:00:45"]
[BlackClock "0:00:47"]

1. d4 Nf6 2. Nc3 e6 3. Bf4 d5 4. e3 a6 5. g4 Be7 6. g5 Nfd7 7. Nf3 c5 8. h4 Qb6 9. Rb1 Nc6 10. Ne2 Qa5+ 11. Nc3 b5 12. a3 b4 13. axb4 cxb4 14. Ne2 b3+ 15. c3 Qb6 16. h5 a5 17. Ng3 a4 18. Bd3 Ba6 19. O-O Bxd3 20. Qxd3 Qa6 21. Qd1 g6 22. hxg6 hxg6 23. Kg2 Nb6 24. e4 dxe4 25. Nxe4 Nd5 26. Bg3 Kd7 27. Rc1 Qc4 28. Ned2 Qd3 29. c4 Qf5 30. Rh1 Nf4+ 31. Bxf4 Qxf4 32. Rg1 Bb4 33. d5 Nd4 34. dxe6+ Ke7 35. exf7 Bxd2 36. Qxd2 Qxf3+ 37. Kf1 Rad8 38. Re1+ Kxf7 39. Re3 Qf5 40. Qb4 Rd7 41. c5 Rh2 42. Qc4+ Kg7 0-1


[Site "https://www.chess.com"]

[Event "Titled Tuesday Blitz November 15 Late 2022"]
[White "Castella Garcia, Fausto"]
[Black "Forgacs, Attila Jr."]
[WhiteFideId "3501922"]
[BlackFideId "773654"]
[WhiteElo "2245"]
[BlackElo "2168"]
[Result "1-0"]
[Round "10"]
[TimeControl "180+1"]
[Date "2022.11.16"]
[WhiteClock "0:01:15"]
[BlackClock "0:00:03"]

1. e4 e5 2. Nf3 Nc6 3. Bb5 a6 4. Ba4 Nf6 5. d4 exd4 6. O-O Be7 7. Re1 d6 8. Nxd4 Bd7 9. Nxc6 Bxc6 10. Bxc6+ bxc6 11. Nc3 O-O 12. Ne2 Nxe4 13. Nd4 d5 14. Nxc6 Qd6 15. Qxd5 Bh4 16. Qxe4 Qf6 17. Ne7+ Kh8 18. Nf5 Bg5 19. Bxg5 Qxg5 20. Rad1 Qf6 21. Qe5 Qg6 22. g3 f6 23. Qf4 Rae8 24. h4 Qf7 25. b3 a5 26. c4 a4 27. Rxe8 Rxe8 28. Kg2 g6 29. Nh6 Qf8 30. Rd7 Re7 31. Rd8 Qxd8 32. Qxf6+ Rg7 33. Qxd8+ 1-0


[Site "https://www.chess.com"]

[Event "Titled Tuesday Blitz November 15 Late 2022"]
[White "Clawitter, Craig"]
[Black "Przybylski, Wojciech"]
[WhiteFideId "2023105"]
[BlackFideId "1117599"]
[WhiteElo "2236"]
[BlackElo "2221"]
[Result "0-1"]
[Round "10"]
[TimeControl "180+1"]
[Date "2022.11.16"]
[WhiteClock "0:00:14"]
[BlackClock "0:00:10"]

1. e4 c5 2. Nf3 e6 3. d4 cxd4 4. Nxd4 Nc6 5. Nc3 Qc7 6. Be3 a6 7. Qd2 Nf6 8. O-O-O Be7 9. f3 b5 10. g4 Bb7 11. g5 Nh5 12. Bd3 b4 13. Nce2 O-O 14. Ng3 Nxd4 15. Bxd4 Nf4 16. Bxg7 Kxg7 17. e5 Qxe5 18. Rde1 Nxd3+ 19. Qxd3 Bxg5+ 20. Kb1 Qd5 21. Rhg1 Qxd3 22. cxd3 Kh8 23. Ne4 Be7 24. Rg3 Rg8 25. Reg1 Rxg3 26. hxg3 f5 27. Nd2 Rg8 28. g4 Bg5 29. Nc4 Bf4 30. Rg2 Bd5 31. Na5 fxg4 32. Rxg4 Rxg4 33. fxg4 Kg7 34. Kc2 Kg6 35. Nc4 Bxc4 36. dxc4 Kg5 37. Kb3 Bd6 38. c5 Bxc5 39. Kc4 d6 40. a3 bxa3 41. b4 Bxb4 42. Kxb4 a2 43. Ka5 a1=Q+ 44. Kb6 Qd4+ 45. Kb7 Qc5 46. Ka8 Kxg4 47. Kb7 h6 48. Ka8 h5 49. Kb7 h4 50. Ka8 h3 51. Kb7 h2 52. Ka8 d5 53. Kb7 h1=Q 54. Ka8 a5 55. Kb7 a4 56. Ka8 a3 57. Kb7 a2 58. Ka8 a1=Q+ 59. Kb8 Qe4 60. Kb7 Qaa5 61. Kb8 Qec4 62. Kb7 e5 63. Kb8 Kf5 64. Kb7 Q4b5# 0-1


[Site "https://www.chess.com"]

[Event "Titled Tuesday Blitz November 15 Late 2022"]
[White "D`Arruda, Ricardo D."]
[Black "Kaufman, Raymond"]
[WhiteFideId "100692"]
[BlackFideId "2015056"]
[WhiteElo "2488"]
[BlackElo "2321"]
[Result "1/2-1/2"]
[Round "10"]
[TimeControl "180+1"]
[Date "2022.11.16"]
[WhiteClock "0:01:34"]
[BlackClock "0:01:34"]

1. d4 Nf6 2. Nf3 g6 3. g3 Bg7 4. Bg2 O-O 5. O-O d6 6. Nc3 d5 7. Ne5 c6 8. e4 dxe4 9. Nxe4 Nxe4 10. Bxe4 Nd7 11. Nxd7 Qxd7 12. c3 e5 13. dxe5 Qxd1 14. Rxd1 Bxe5 15. Bh6 Bg7 16. Bxg7 Kxg7 17. Rd6 Be6 18. a3 Rfd8 19. Rad1 Rxd6 20. Rxd6 Kf6 21. f4 Ke7 22. Rd2 Rd8 23. Rxd8 Kxd8 24. Kf2 Ke7 25. b4 Kd6 26. Ke3 h6 27. Kd4 b6 28. h4 c5+ 29. Ke3 cxb4 30. cxb4 a5 31. Kd4 axb4 32. axb4 Bf5 33. Bd5 Be6 34. Be4 Bf5 35. Bf3 f6 36. g4 Bb1 37. g5 fxg5 38. fxg5 hxg5 39. hxg5 Bc2 40. Bd5 Bb1 41. Bf7 Bc2 42. Bd5 Bb1 43. Bc4 Bc2 44. Ba2 Bf5 45. Bb3 Bb1 46. Bc4 Bc2 47. Bf7 Bb1 48. Bg8 Bc2 49. Bf7 Bb1 50. Bc4 1/2-1/2


[Site "https://www.chess.com"]

[Event "Titled Tuesday Blitz November 15 Late 2022"]
[White "Deac, Bogdan-Daniel"]
[Black "Gubajdullin, Alexei"]
[WhiteFideId "1226380"]
[BlackFideId "4141202"]
[WhiteElo "2648"]
[BlackElo "2230"]
[Result "1-0"]
[Round "10"]
[TimeControl "180+1"]
[Date "2022.11.15"]
[WhiteClock "0:00:33"]
[BlackClock "0:00:06"]

1. b3 Nf6 2. Bb2 g6 3. Nf3 Bg7 4. g3 O-O 5. Bg2 d6 6. d4 a5 7. O-O a4 8. b4 Ne4 9. c4 c6 10. Qc2 d5 11. Nfd2 Nxd2 12. Nxd2 a3 13. Bc3 Be6 14. c5 Na6 15. Nb3 Nc7 16. Na5 Nb5 17. e3 Qc8 18. Rfe1 Bf5 19. Qd2 Re8 20. Rad1 Nxc3 21. Qxc3 e5 22. Nb3 Qb8 23. Bf1 b6 24. Rc1 bxc5 25. Qxc5 Rc8 26. Qc3 Bf8 27. Nc5 exd4 28. exd4 Qb6 29. Bd3 Bh3 30. Rb1 Rcb8 31. Rb3 Qa7 32. Rc1 Re8 33. Qd2 h5 34. Bf1 Bf5 35. Rcc3 Kh7 36. h3 Bh6 37. Qd1 Bg7 38. g4 hxg4 39. hxg4 Bc8 40. Re3 Rxe3 41. Rxe3 Qb6 42. Qf3 Ra7 43. Qh1+ Kg8 44. Re8+ Bf8 45. Qh6 1-0


[Site "https://www.chess.com"]

[Event "Titled Tuesday Blitz November 15 Late 2022"]
[White "Dudzinski, Pawel"]
[Black "Shapiro, Daniel"]
[WhiteFideId "1117890"]
[BlackFideId "2001780"]
[WhiteElo "2086"]
[BlackElo "2327"]
[Result "1-0"]
[Round "10"]
[TimeControl "180+1"]
[Date "2022.11.16"]
[WhiteClock "0:00:03"]
[BlackClock "0:00:08"]

1. e4 e5 2. Nf3 Nc6 3. d4 exd4 4. Nxd4 d6 5. Nxc6 bxc6 6. g3 g6 7. Bg2 Bg7 8. O-O Bd7 9. Re1 Ne7 10. Nc3 O-O 11. Qd2 Be6 12. b3 d5 13. Bb2 d4 14. Na4 Qd6 15. Qc1 Rfd8 16. Ba3 Qd7 17. Nc5 Qe8 18. Qf4 Rac8 19. Nb7 Rd7 20. Na5 d3 21. e5 Nd5 22. Qd2 Bf5 23. c4 Ne7 24. Nxc6 Nxc6 25. Bxc6 Rcd8 26. f3 h5 27. Kg2 Qe6 28. Bxd7 Rxd7 29. Rad1 Bxe5 30. Bb2 f6 31. Bxe5 fxe5 32. Qg5 Kf7 33. h4 Rd4 34. Qh6 e4 35. Qh7+ Kf8 36. Qh8+ Kf7 37. Qxd4 exf3+ 38. Kf2 Qc6 39. Qe5 Bg4 40. Qe7+ Kg8 41. Qe8+ Kg7 42. Re7+ 1-0


[Site "https://www.chess.com"]

[Event "Titled Tuesday Blitz November 15 Late 2022"]
[White "Dzierzak, Radoslaw"]
[Black "Sattarov, Bobir"]
[WhiteFideId "1161407"]
[BlackFideId "14203081"]
[WhiteElo "2111"]
[BlackElo "2354"]
[Result "0-1"]
[Round "10"]
[TimeControl "180+1"]
[Date "2022.11.16"]
[WhiteClock "0:00:08"]
[BlackClock "0:02:09"]

1. e4 e5 2. Nf3 Nc6 3. Bc4 Bc5 4. O-O d6 5. c3 Qf6 6. b4 Bb6 7. b5 Na5 8. Be2 Ne7 9. d4 h6 10. h3 O-O 11. Bb2 Ng6 12. c4 Be6 13. c5 dxc5 14. dxe5 Qe7 15. Nc3 Rfd8 16. Nd5 Qe8 17. Qc2 c6 18. Nxb6 axb6 19. bxc6 Nxc6 20. Rfd1 Nb4 21. Qc3 Qc6 22. Nd2 Nf4 23. Bf1 Nbd3 24. Nc4 Bxc4 0-1


[Site "https://www.chess.com"]

[Event "Titled Tuesday Blitz November 15 Late 2022"]
[White "Espinosa, Pedro"]
[Black "Torres Dominguez, David"]
[WhiteFideId "30921066"]
[BlackFideId "2220857"]
[WhiteElo "2016"]
[BlackElo "2037"]
[Result "0-1"]
[Round "10"]
[TimeControl "180+1"]
[Date "2022.11.16"]
[WhiteClock "0:00:21"]
[BlackClock "0:00:22"]

1. d4 e5 2. dxe5 d6 3. exd6 Bxd6 4. Nf3 Bg4 5. Nc3 Nc6 6. e3 Qe7 7. Be2 O-O-O 8. Bd2 Nf6 9. h3 Bh5 10. Nb5 Ne4 11. Nxd6+ Rxd6 12. Bd3 Rhd8 13. Qe2 Bxf3 14. gxf3 Nxd2 15. Qxd2 Ne5 16. O-O-O Nxd3+ 17. cxd3 Rxd3 18. Qxd3 Rxd3 19. Rxd3 b6 20. Rhd1 Qe6 21. Rd8+ Kb7 22. a3 Qxh3 23. f4 Qf5 24. R1d3 h5 25. Kd2 h4 26. Rh8 g5 27. Rd4 h3 28. Ke2 g4 29. Kd2 Qa5+ 30. Kd1 Qb5 31. Rd2 Qf1+ 32. Kc2 Qc4+ 33. Kd1 Qb3+ 34. Ke1 Qe6 35. Rh4 Qe4 36. Ke2 Qf3+ 37. Kd3 Qd5+ 38. Ke2 Qb5+ 39. Ke1 Qf5 40. Ke2 Qg6 41. Rd1 g3 42. Rg1 g2 43. Rxh3 Qg4+ 44. Rf3 f5 45. b3 a5 46. a4 c6 47. Rxg2 Qxg2 48. Rg3 Qe4 49. Kf1 Qb1+ 50. Kg2 Qxb3 51. e4 Qxa4 52. exf5 Qe4+ 53. Kg1 Qxf5 54. Rf3 a4 55. Kg2 b5 56. Kg3 b4 57. Re3 a3 58. Re5 Qg6+ 59. Rg5 Qd3+ 60. f3 a2 61. Rg8 Kb6 62. Ra8 b3 63. f5 Qxf5 64. Rb8+ Kc5 65. Rxb3 Qe5+ 66. f4 Qe1+ 67. Kg4 a1=Q 68. Rf3 Qe2 69. Kg3 Qxf3+ 70. Kxf3 Qc3+ 71. Kg4 Qg7+ 72. Kf5 Kd4 73. Ke6 c5 74. f5 c4 75. f6 Qxf6+ 76. Kxf6 c3 77. Kf5 c2 78. Kf4 c1=Q+ 79. Kf5 Qe3 80. Kf6 Qe5+ 81. Kg6 Kd5 82. Kf7 Kd6 83. Kg8 Qe6+ 84. Kh8 Qd7 85. Kg8 Ke6 86. Kh8 Kf6 87. Kg8 Qg7# 0-1


[Site "https://www.chess.com"]

[Event "Titled Tuesday Blitz November 15 Late 2022"]
[White "Estrada Nieto, Julian"]
[Black "Maksimovic, Bojan"]
[WhiteFideId "5101018"]
[BlackFideId "14408120"]
[WhiteElo "2221"]
[BlackElo "2447"]
[Result "0-1"]
[Round "10"]
[TimeControl "180+1"]
[Date "2022.11.15"]
[WhiteClock "0:00:03"]
[BlackClock "0:00:46"]

1. e4 c5 2. Nf3 e6 3. c3 d5 4. exd5 Qxd5 5. d4 Nf6 6. Na3 Nc6 7. Be3 cxd4 8. Nb5 Qd8 9. Nbxd4 Nxd4 10. Bxd4 Be7 11. Bd3 O-O 12. O-O Bd7 13. Ne5 Qc7 14. Qe2 Rad8 15. Rad1 Bc5 16. Bc2 a6 17. Bxc5 Qxc5 18. Rd4 Bb5 19. Qd2 Rxd4 20. cxd4 Qd6 21. Rd1 Rd8 22. h3 Be8 23. Qa5 Rc8 24. Bb3 Bb5 25. Qd2 Bc6 26. Nxc6 bxc6 27. Bc4 Ra8 28. Qa5 h6 29. Qc5 Qd7 30. Qe5 Nd5 31. Rd3 Qc7 32. Qxc7 Nxc7 33. Rb3 Nb5 34. Bxb5 axb5 35. a3 Ra4 36. Rc3 Rxd4 37. Rxc6 Rd1+ 38. Kh2 Rd2 39. b4 Rxf2 40. Rc8+ Kh7 41. Rc5 Ra2 42. Rxb5 Rxa3 43. Rb7 Kg6 44. g4 Rb3 45. b5 f5 46. gxf5+ exf5 47. b6 Kf6 48. h4 g6 49. Kg2 Ke5 50. Rb8 Kf4 51. b7 g5 52. h5 Rb2+ 53. Kf1 g4 54. Rh8 Rxb7 55. Rxh6 Kf3 56. Ke1 f4 57. Kd2 g3 58. Rg6 g2 59. h6 Rh7 60. Kd3 Rxh6 61. Rxh6 g1=Q 62. Rg6 0-1


[Site "https://www.chess.com"]

[Event "Titled Tuesday Blitz November 15 Late 2022"]
[White "Fedoseev, Vladimir"]
[Black "Pranav, V"]
[WhiteFideId "24130737"]
[BlackFideId "25060783"]
[WhiteElo "2726"]
[BlackElo "2430"]
[Result "1-0"]
[Round "10"]
[TimeControl "180+1"]
[Date "2022.11.15"]
[WhiteClock "0:00:53"]
[BlackClock "0:00:06"]

1. e4 e5 2. Nf3 Nc6 3. Bb5 a6 4. Bxc6 dxc6 5. O-O f6 6. d4 exd4 7. Nxd4 c5 8. Nb3 Qxd1 9. Rxd1 Bg4 10. f3 Bd7 11. Bf4 O-O-O 12. Nc3 c4 13. Nd4 Bc5 14. Be3 Ne7 15. Nf5 Bxe3+ 16. Nxe3 Be6 17. Kf2 b5 18. a4 Rxd1 19. Rxd1 c6 20. Ne2 Kc7 21. g4 Rb8 22. Ra1 Kb6 23. h4 Rd8 24. Nf4 Bf7 25. Ke2 Ng6 26. Nfg2 Ne5 27. f4 Nd7 28. axb5 axb5 29. Rd1 Kc7 30. Kf3 Ra8 31. Nf5 g6 32. Nh6 Be6 33. f5 gxf5 34. gxf5 Ne5+ 35. Kf4 Bd7 36. Ne3 Ra2 37. Ng8 Bc8 38. Nxf6 Nf7 39. e5 Rxb2 40. e6 Nd6 41. e7 Bd7 42. Nxd7 Kxd7 43. f6 1-0


[Site "https://www.chess.com"]

[Event "Titled Tuesday Blitz November 15 Late 2022"]
[White "Fernandez De La Vara, Arnaldo"]
[Black "Indjic, Aleksandar"]
[WhiteFideId "3518388"]
[BlackFideId "911925"]
[WhiteElo "2387"]
[BlackElo "2592"]
[Result "0-1"]
[Round "10"]
[TimeControl "180+1"]
[Date "2022.11.15"]
[WhiteClock "0:00:12"]
[BlackClock "0:01:19"]

1. Nf3 c5 2. g3 Nc6 3. Bg2 e5 4. c4 Nf6 5. Nc3 g6 6. d3 Bg7 7. Bg5 h6 8. Bxf6 Bxf6 9. O-O O-O 10. Ne1 Bg7 11. Nc2 f5 12. Rb1 d6 13. b4 e4 14. Qd2 g5 15. dxe4 f4 16. Rfd1 Be6 17. Nb5 Qf6 18. Nc7 fxg3 19. fxg3 Rad8 20. Ne3 Nd4 21. Rf1 Qe5 22. bxc5 dxc5 23. Nxe6 Nf3+ 24. Rxf3 Rxd2 25. Nxf8 Bxf8 26. Rxb7 Rxa2 27. Bh3 Rxe2 28. Ng4 Qd4+ 29. Kh1 Re1+ 30. Bf1 Rxf1+ 31. Rxf1 Qxe4+ 32. Kg1 Qxb7 0-1


[Site "https://www.chess.com"]